Map: Orbital Shipyard

Players

capac - Winner!

  • Race: Terran Terran
  • League: Gold

DorianWilde

  • Race: Zerg Zerg
  • League: Platinum

VOD

Have the link to the VOD?

Description

Time

  • Played on: March 7, 2016, 2:49 p.m.
  • Length: 11:50
Show
View Real Time Build Order
Export as new Build Order

capac Terran - Winner!

Build Orders:  

Get SALT Encoding   

  12  0:00  SCV  
  13  0:13  SCV  
  14  0:21  Supply Depot  
  14  0:26  SCV  
  15  0:43  SCV  
  15  0:45  Barracks  
  15  0:49  Refinery  
  16  0:55  SCV  
  17  1:07  SCV  
  18  1:19  SCV  
  19  1:31  SCV  
  20  1:34  Barracks Reactor  
  20  1:40  Command Center  
  20  1:48  Supply Depot  
  20  1:51  SCV  
  21  2:06  Orbital Command  
  21  2:13  Barracks  
  21  2:14  Marine  
  22  2:15  Marine  
  23  2:32  Marine  
  23  2:33  Marine  
  25  2:42  Refinery, Factory  
  25  2:50  Marine  
  25  2:51  Marine  
  25  2:52  SCV  
  27  3:02  Orbital Command  
  27  3:04  Barracks Tech Lab  
  27  3:12  SCV  
  28  3:14  Marine  
  28  3:16  Marine  
  30  3:24  SCV  
  31  3:28  Factory Tech Lab  
  31  3:33  Starport, Marine x2  
  33  3:40  SCV x2  
  35  3:47  Siege Tank  
  38  3:51  Marine  
  38  3:52  Marine x2  
  38  3:54  SCV  
  42  3:57  SCV  
  42  4:02  Supply Depot  
  43  4:10  Starport Reactor  
  43  4:16  Stimpack  
  43  4:18  SCV  
  45  4:26  Engineering Bay  
  45  4:27  Engineering Bay  
  45  4:29  Supply Depot  
  45  4:30  SCV  
  46  4:31  Marine, SCV  
  46  4:32  Marine x2  
  49  4:42  SCV  
  49  4:43  SCV  
  51  4:48  Refinery  
  51  4:50  Medivac x2  
  55  4:59  Supply Depot, Marine  
  55  5:01  Marine  
  55  5:02  Marine  
  55  5:03  Refinery  
  55  5:05  SCV  
  59  5:09  SCV  
  60  5:23  Medivac x2  
  60  5:26  SCV x2  
  66  5:34  Supply Depot  
  66  5:41  Marine x2  
  66  5:42  Marine  
  69  5:48  Liberator x2  
  69  5:49  Siege Tank  
  72  6:02  Marine x3  
  75  6:06  SCV x2  
  75  6:11  Supply Depot  
  83  6:17  Barracks  
  83  6:18  Barracks  
  83  6:20  Barracks, SCV x2  
  85  6:32  Siege Tank  
  88  6:33  Supply Depot  
  77  7:05  Liberator x2  
  77  7:19  Marine x3  
  77  7:20  Barracks Reactor x2  
  77  7:21  Barracks Reactor  
  80  7:27  Terran Infantry Weapons Level 1  
  80  7:28  Terran Infantry Armor Level 1  
  80  7:29  Command Center  
  80  7:36  Marine x2  
  81  7:37  Marine  
  81  7:41  Siege Tank  
  81  7:43  SCV x2  
  88  7:51  Supply Depot  
  88  7:53  Armory  
  88  7:56  Marine x2  
  88  7:57  Marine x4  
  88  7:58  Marine x2  
  96  8:20  Marine  
  96  8:21  Marine x6  
  103  8:29  Siege Tank, Medivac  
  103  8:30  Medivac  
  110  8:50  Marine x5  
  110  8:51  Marine x3  
  118  9:00  Missile Turret  
  118  9:04  Missile Turret  
  118  9:10  Marine  
  118  9:11  Marine x5  
  124  9:26  Orbital Command  
  124  9:31  Supply Depot  
  124  9:32  Medivac x2  
  124  9:37  Missile Turret  
  128  9:59  Marine  
  128  10:00  Marine x6  
  128  10:01  Marine x2  
  137  10:09  Medivac x2  
  141  10:28  Supply Depot  
  141  10:29  Marine  
  141  10:31  Supply Depot  
  142  10:37  Missile Turret  
  141  11:08  Missile Turret  
  141  11:09  Marine x3  
  141  11:10  Marine  
  144  11:31  Marine x4  
  144  11:32  Marine x2  
Show
View Real Time Build Order
Export as new Build Order

DorianWilde Zerg 

Build Orders: Hatch First, Muta Ling Bane 

Get SALT Encoding   

  12  0:01  Drone  
  13  0:12  Overlord  
  13  0:17  Drone  
  14  0:31  Drone x2  
  16  0:50  Hatchery  
  15  1:03  Spawning Pool  
  14  1:06  Drone  
  15  1:12  Extractor  
  15  1:13  Drone  
  15  1:15  Drone  
  16  1:20  Drone  
  17  1:30  Drone  
  18  1:42  Overlord  
  18  1:52  Queen, Zergling x2  
  21  2:02  Queen  
  21  2:03  Drone  
  24  2:11  Drone x2  
  26  2:18  Zergling x2  
  27  2:28  Metabolic Boost  
  27  2:33  Drone  
  27  2:35  Drone x2  
  30  2:38  Extractor  
  30  2:41  Baneling Nest  
  30  2:44  Queen  
  30  2:58  Drone x2  
  32  2:59  Drone  
  32  3:00  Drone x2  
  32  3:04  Drone  
  36  3:30  Overlord x2  
  36  3:35  Lair  
  36  3:46  Overlord x2  
  36  3:53  Hatchery  
  35  4:02  Zergling x2  
  36  4:05  Drone x4  
  36  4:06  Drone  
  41  4:16  Baneling x3  
  41  4:19  Zergling x6  
  41  4:20  Zergling x4  
  46  4:32  Centrifical Hooks  
  46  4:35  Spire  
  45  4:39  Drone x4  
  49  4:50  Burrow  
  49  4:54  Extractor  
  49  4:56  Drone  
  49  4:57  Drone  
  49  4:58  Extractor  
  49  5:19  Baneling x3  
  49  5:30  Zergling x24  
  49  5:31  Zergling x2  
  49  5:32  Queen  
  64  5:45  Evolution Chamber  
  64  5:48  Evolution Chamber, Mutalisk x2  
  66  5:51  Drone  
  67  5:57  Drone  
  68  6:22  Mutalisk  
  68  6:23  Mutalisk x2  
  74  6:33  Overlord x4  
  74  6:36  Spore Crawler  
  74  6:39  Spine Crawler  
  47  7:06  Zergling x24  
  47  7:07  Zergling x6  
  46  7:32  Drone  
  46  7:33  Drone  
  48  7:37  Zergling x2  
  48  7:38  Zergling x8  
  48  7:39  Zerg Melee Weapons Level 1  
  48  7:40  Zerg Ground Armor Level 1  
  53  7:54  Zerg Flyer Weapons Level 1, Mutalisk  
  53  7:55  Mutalisk x2  
  59  8:01  Baneling x6  
  59  8:16  Drone  
  59  8:17  Drone x4  
  64  8:22  Drone  
  65  8:33  Mutalisk  
  67  8:35  Mutalisk  
  67  8:38  Drone x2  
  71  9:00  Zergling x6  
  71  9:01  Zergling x16  
  82  9:08  Extractor  
  81  9:11  Extractor  
  81  9:12  Overlord x2  
  80  9:19  Drone x2  
  82  9:24  Mutalisk  
  82  9:25  Mutalisk  
  82  9:29  Drone x2  
  82  9:30  Drone  
  89  9:58  Drone x2  
  91  10:02  Queen  
  93  10:13  Zergling x2, Overlord  
  93  10:14  Zergling x8  
  98  10:43  Drone x3  
Tags
 
Add a new tag
Caveats
  • Supply blocks, unpowered buildings, or Contaminate may cause inaccurate times.
  • Supply counts are checked every 10 seconds.